 Dungeon Crawl Stone Soup version 0.23-a0-445-g768d57b80b (webtiles) character file.

1918 LLavrengius the Changer (level 9, -3/61 HPs)
             Began as an Octopode Transmuter on Nov 17, 2018.
             Was an Initiate of Sif Muna.
             Slain by a killer bee (5 damage)
             ... on level 6 of the Dungeon.
             The game lasted 00:38:06 (7527 turns).

LLavrengius the Changer (Octopode Transmuter)       Turns: 7527, Time: 00:38:08

Health: -3/61      AC:  1    Str:  9    XL:     9   Next: 16%
Magic:  12/12      EV: 19    Int: 18    God:    Sif Muna [......]
Gold:   354        SH:  0    Dex: 20    Spells: 2/12 levels left

rFire    . . .     SeeInvis .     - Unarmed
rCold    . . .     Gourm    .   (no shield)
rNeg     . . .     Faith    .   (helmet restricted)
rPois    .         Spirit   .   i - amulet of regeneration
rElec    .         Reflect  .   f - +2 ring of dexterity
rCorr    .         Harm     .   J - ring of attention (curse)
MR       .....                  (no ring)
Stlth    ++++......             (no ring)
HPRegen  0.60/turn              (no ring)
MPRegen  0.13/turn              (no ring)
                                (no ring)
                                (no ring)

@: agile, lethally poisoned (-3 -> -25), appendage, very slightly contaminated,
invisible
A: almost no armour, stealthy swim, amphibious, 8 rings, constrict 8, tentacle
spike 3, camouflage 1, gelatinous body 1
a: End Transformation, Renounce Religion


You were on level 6 of the Dungeon.
You worshipped Sif Muna.
Sif Muna was noncommittal.
You were hungry.
One of your tentacles had a temporary spike.
You visited 2 branches of the dungeon, and saw 8 of its levels.
You also visited: Sewer.

You collected 354 gold pieces.

Inventory:

Hand Weapons
 k - a cursed +4 great sword
 m - a +0 spear
 o - a +0 dagger
 q - a +0 hunting sling
 r - a +0 dagger of venom
 s - a +0 hand crossbow
 v - a +0 hunting sling
Missiles
 a - 113 arrows
 p - 245 stones (quivered)
 t - 66 bolts
 w - 8 curare-tipped needles
 A - 13 poisoned needles
Armour
 K - a +0 shield
Jewellery
 f - a +2 ring of dexterity (left tentacle)
 i - an amulet of regeneration (around mantle)
 D - an uncursed ring of flight
 J - a cursed ring of attention (right tentacle)
Wands
 G - a wand of iceblast (5)
 L - a wand of digging (4)
Scrolls
 e - 2 scrolls of teleportation
 g - 3 scrolls of identify
 l - 2 scrolls of blinking
 n - 3 scrolls of remove curse
 y - a scroll of random uselessness {unknown}
 B - 2 scrolls of magic mapping {unknown}
 C - a scroll of amnesia
Potions
 b - 5 potions of curing {unknown}
 d - 7 potions of lignification
 j - 3 potions of magic
 u - 7 potions of flight
 x - a potion of resistance {unknown}
 z - a potion of brilliance {unknown}
 E - a potion of agility
 H - 2 potions of invisibility
 I - a potion of cancellation {unknown}
Comestibles
 c - 18 rations


   Skills:
 + Level 5.3 Fighting
 - Level 2.0 Dodging
 - Level 4.4 Stealth
 - Level 5.0 Unarmed Combat
 - Level 2.0 Spellcasting
 + Level 7.5 Transmutations
 - Level 4.0 Ice Magic
 - Level 3.0 Poison Magic


You had 2 spell levels left.
You knew the following spells:

 Your Spells              Type           Power        Failure   Level  Hunger
a - Beastly Appendage     Tmut           ####..       1%          1    #......
b - Sticks to Snakes      Tmut           ####....     1%          2    ###....
c - Spider Form           Tmut/Pois      ###.......   6%          3    ###....
d - Ice Form              Ice/Tmut       ###.....     17%         4    #####..

Your spell library contained the following spells:

 Spells                   Type           Power        Failure   Level  Hunger
 Blade Hands              Tmut           ####......   22%         5    ######.


Dungeon Overview and Level Annotations

Branches:
Dungeon (7/15)             Temple (1/1) D:6

Altars:
Ashenzari
Cheibriados
Dithmenos
Elyvilon
Fedhas
Gozag
Hepliaklqana
Kikubaaqudgha
Nemelex Xobeh
Okawaru
Ru
Sif Muna
Trog
Uskayaw
Vehumet
Wu Jian
Xom
Yredelemnul
Zin
The Shining One

Annotations:
D:3 Sigmund
D:4 Menkaure


Innate Abilities, Weirdness & Mutations

You cannot wear most types of armour.
You are very stealthy in the water. (Stealth+)
You are amphibious.
You can wear up to eight rings at the same time.
You can use your tentacles to constrict eight enemies at once.
Your skin changes colour to match your surroundings (Stealth+).
Your rubbery body absorbs attacks. (AC +1, EV +1)
One of your tentacles bears a large vicious spike.


Message History

You are very lightly contaminated with residual magic.
As you read the scroll of blinking, it crumbles to dust.
* * * LOW HITPOINT WARNING * * *
You feel very sick.
* * * LOW HITPOINT WARNING * * *
You feel very sick.
Okay, then.
It was a potion of invisibility.
You fade into invisibility!
* * * LOW HITPOINT WARNING * * *
You feel very sick.
Unknown command.
It was a potion of agility.
You feel agile all of a sudden.
* * * LOW HITPOINT WARNING * * *
You feel very sick. The killer bee misses you. The killer bee stings you.
* * * LOW HITPOINT WARNING * * *
The killer bee stings you.
You die...

# #.# #§.# #.## #
#.# #..# #.)# ####
#.#####y.### ##.#
...# #..........#
#.#
##.##########..#.#
#.# #....## #..#.#
#.# ......##
#..#.####.#
.P≈≈P..#
#..yy.....#
..P....#
#.##@######
'......# #.##.#
##..⌠..# #.##.#
#......# #.##.#
....##.# #.##.#
..#....# #.##.#
.#####.# #.##.#
....##.## #.##.#
###.#...#####.##.#


You could see 2 killer bees.

Vanquished Creatures
  Grinder (Sewer)
  An orc warrior (D:6)
  A necrophage (Sewer)
  2 centaurs (D:6)
  A big kobold (Sewer)
  A bullfrog (D:7)
  A scorpion (D:6)
  2 killer bees (D:7)
  A wight (Sewer)
  A howler monkey (D:5)
  3 crimson imps
  4 hounds
  6 orc priests
  3 bullfrog skeletons
  2 iguanas
  2 worker ants
  4 orc wizards
  10 adders
  A river rat (D:3)
  4 shadow imps (Sewer)
  2 ufetubi (Sewer)
  2 oozes
  An adder zombie (D:7)
  4 worms
  3 dart slugs
  4 leopard geckos
  27 orcs
  A ball python (D:3)
  17 bats
  6 giant cockroaches
  2 gnoll zombies (D:5)
  9 goblins
  8 hobgoblins
  6 jackals
  A quokka (D:2)
  5 frilled lizards
  20 kobolds
  2 kobold zombies (Sewer)
  A quokka skeleton (D:4)
  14 rats
186 creatures vanquished.

Notes
Turn   | Place    | Note
-------+----------+-------------------------------------------
     0 | D:1      | LLavrengius the Octopode Transmuter began the quest for the
                  | Orb.
     0 | D:1      | Reached XP level 1. HP: 13/13 MP: 3/3
   223 | D:1      | Reached XP level 2. HP: 15/18 MP: 5/5
   227 | D:1      | Learned a level 2 spell: Sticks to Snakes
   598 | D:1      | Reached XP level 3. HP: 15/23 MP: 6/6
   705 | D:1      | Learned a level 3 spell: Spider Form
  1268 | D:1      | Reached skill level 3 in Transmutations
  1268 | D:1      | Reached skill level 1 in Poison Magic
  1710 | D:2      | Reached XP level 4. HP: 26/28 MP: 7/7
  2046 | D:2      | Reached skill level 1 in Stealth
  2547 | D:2      | Reached XP level 5. HP: 25/33 MP: 8/8
  2940 | D:3      | Found a faded altar of an unknown god.
  2989 | D:3      | Noticed Sigmund
  3280 | D:3      | Found a snail-covered altar of Cheibriados.
  3367 | D:3      | Found a glowing drain.
  3392 | Sewer    | Entered a sewer
  3440 | Sewer    | Reached skill level 4 in Transmutations
  3520 | Sewer    | Noticed a big kobold
  3536 | Sewer    | Killed a big kobold
  3536 | Sewer    | Reached XP level 6. HP: 29/38 MP: 9/9
  3625 | Sewer    | Found an ancient bone altar of Kikubaaqudgha.
  3796 | Sewer    | Noticed a necrophage
  3811 | Sewer    | Killed a necrophage
  3818 | Sewer    | Reached skill level 5 in Transmutations
  3818 | Sewer    | Reached XP level 7. HP: 45/45 MP: 10/10
  3907 | Sewer    | Noticed Grinder
  3919 | Sewer    | Killed Grinder
  4210 | D:4      | Noticed Menkaure
  4378 | D:4      | Reached skill level 6 in Transmutations
  4426 | D:4      | Learned a level 4 spell: Ice Form
  4615 | D:4      | Reached XP level 8. HP: 50/52 MP: 11/11
  4683 | D:4      | Found a shadowy altar of Dithmenos.
  4852 | D:5      | Entered Level 5 of the Dungeon
  4942 | D:5      | Reached skill level 1 in Ice Magic
  4995 | D:5      | Found a basalt altar of Yredelemnul.
  5311 | D:5      | Found an iron altar of Okawaru.
  5766 | D:6      | Found a glowing golden altar of the Shining One.
  5782 | D:6      | Found a shimmering altar of Xom.
  5903 | D:6      | Reached skill level 5 in Unarmed Combat
  6194 | D:6      | Found a staircase to the Ecumenical Temple.
  6195 | D:6      | Found a shattered altar of Ashenzari.
  6271 | Temple   | Entered the Ecumenical Temple
  6368 | D:6      | Found a hazy altar of Hepliaklqana.
  6394 | D:6      | Reached skill level 7 in Transmutations
  6570 | D:6      | Found a bloodstained altar of Trog.
  6806 | D:7      | Reached XP level 9. HP: 26/60 MP: 12/12
  6884 | D:7      | Reached skill level 5 in Fighting
  7183 | D:7      | Found a deep blue altar of Sif Muna.
  7190 | D:7      | Became a worshipper of Sif Muna the Loreminder
  7527 | D:6      | HP: 2/61 [killer bee (5)]
  7527 | D:6      | Slain by a killer bee

Vault maps used:
D:1:      dpeg_arrival_three_same_balls, minmay_hexomino_c4
D:2:      first_ration, minmay_fractal_squares_5
D:3:      lemuel_crystal_altar, chequers_ecumenical_altar_island,
          portal_sewer_entry_b, uniq_sigmund
D:4:      grunt_qazlal_clouds, nicolae_dithmenos_shadow_blocks,
          hangedman_abyss_or_decor_lesser_grid, hex_tiny, st_stairs_1,
          uniq_menkaure
D:5:      lemuel_zombie_altar_yredelemnul, lemuel_crystal_altar
D:6:      bloody_trog, tso_oasis_becter, nicolae_overflow_hidden_temple,
          kennysheep_mini, minmay_temple_entry_grid, kennysheep_generic_room_9
D:7:      kennysheep_orc_sif_temple, led_sif_pool, serial_glass,
          glass_columns_c, glass_columns_a, glass_columns_c, glass_columns_a,
          glass_columns_b, glass_columns_a, glass_columns_b, glass_columns_c,
          glass_columns_a, glass_columns_b, glass_columns_a, glass_columns_a,
          glass_columns_b, glass_columns_c, grunt_livestock
Temple:   zaba_magenta_temple
Sewer:    kennysheep_sewer_church

Skill      XL: |  1  2  3  4  5  6  7  8  9 |
---------------+----------------------------+-----
Transmutations | 3 4 5 6 7 |  7.5
Poison Magic   | 1 2 3 |  3.0
Stealth        | 1 2 3 4 |  4.4
Unarmed Combat | 4 5 |  5.0
Fighting       | 2 3 4 5 |  5.3
Ice Magic      | 3 4 |  4.0
Dodging        | |  2.0
Spellcasting   | |  2.0

Action                   |  1- 3 |  4- 6 |  7- 9 || total
-------------------------+-------+-------+-------++-------
Melee: Unarmed           |    96 |   180 |   276 ||   552
       Constrict         |    24 |    43 |    42 ||   109
       Tentacles         |    11 |    35 |    46 ||    92
       Punch             |     1 |     5 |    10 ||    16
       Kick              |       |     1 |     6 ||     7
       Spear             |       |     2 |       ||     2
       Dagger            |       |       |    11 ||    11
 Fire: Hand crossbow     |       |    21 |    17 ||    38
 Cast: Spider Form       |     1 |     1 |    15 ||    17
       Beastly Appendage |       |     1 |     2 ||     3
       Ice Form          |       |       |     1 ||     1
  Use: Scroll            |       |     8 |     6 ||    14
       Potion            |       |       |     7 ||     7
 Stab: Sleeping          |     2 |     5 |    10 ||    17
       Distracted        |       |       |     2 ||     2
  Eat: Chunk             |     3 |     7 |    13 ||    23
Armor: Skin              |    11 |    13 |    20 ||    44
Dodge: Dodged            |    76 |   101 |   189 ||   366

Table legend:
 A = Non-vault XP
 B = Vault XP
 C = Vault XP percentage of total XP
 D = Non-vault monster count
 E = Vault monster count
 F = Vault count percentage of total count
                 A         B        C        D         E       F
            +---------+---------+-------+---------+---------+-------
      Total |    1931 |     809 |  29.5 |     130 |      56 |  30.1
            +---------+---------+-------+---------+---------+-------
        D:1 |      55 |       7 |  11.3 |      24 |       5 |  17.2
        D:2 |      89 |      24 |  21.2 |      27 |       7 |  20.6
        D:3 |     146 |      27 |  15.6 |      22 |       5 |  18.5
        D:4 |     192 |       6 |   3.0 |      13 |       2 |  13.3
        D:5 |     512 |       3 |   0.6 |      19 |       2 |   9.5
        D:6 |     537 |      83 |  13.4 |      11 |       2 |  15.4
        D:7 |     400 |       0 |   0.0 |      14 |       0 |   0.0
      Sewer |       0 |     659 | 100.0 |       0 |      33 | 100.0
            +---------+---------+-------+---------+---------+-------
